Construct Section Command Post
Selects Heavy Armor Battlegroup
Construct Platoon Command Post
Selects Engineer Detachments
Unlock Bishop Self-propelled Artillery
Bishop Self-propelled Artillery
6-pounder Anti-tank Gun Team
Bishop Self-propelled Artillery
Bishop Self-propelled Artillery
Bishop Self-propelled Artillery
6-pounder Anti-tank Gun Team
Selects Forward Repair Assembly
Selects Churchill Black Prince Heavy Tank
Selects Light Vehicle Withdraw and Refit
Light Vehicle Withdraw and Refit
Churchill Black Prince Heavy Tank
Bishop Self-propelled Artillery